 Dungeon Crawl Stone Soup version 0.19-a0-38-ga776ef0 (webtiles) character file.

144 ASUHDUDE the Shield-Bearer (level 5, -8/47 HPs)
             Began as a Minotaur Fighter on May 4, 2016.
             Was a Follower of Cheibriados.
             Mangled by Sigmund
             ... wielding a +0 scythe of protection
              (10 damage)
             ... on level 4 of the Dungeon.
             The game lasted 00:15:46 (3507 turns).

ASUHDUDE the Shield-Bearer (Minotaur Fighter)       Turns: 3507, Time: 00:15:47

Health: -8/47      AC:  8    Str: 23    XL:     5   Next: 5%
Magic:  4/4        EV:  9    Int:  9    God:    Cheibriados [*.....]
Gold:   204        SH: 10    Dex: 13    Spells: 0 memorised, 4 levels left

rFire  . . .     SeeInvis .     a - +0 war axe
rCold  . . .     Gourm    .     b - +1 scale mail
rNeg   . . .     Faith    .     c - +0 shield
rPois  .         Spirit   .     (helmet restricted)
rElec  .         Dismiss  .     (no cloak)
rCorr  .         Reflect  .     (no gloves)
SustAt .         Harm     .     (no boots)
MR     .....                    (no amulet)
Stlth  ..........               (no ring)
                                (no ring)

@: very slow, not resistant to hostile enchantments, extremely unstealthy
A: retaliatory headbutt, horns 2
a: Bend Time, Renounce Religion


You were on level 4 of the Dungeon.
You worshipped Cheibriados.
Cheibriados was aware of your devotion.
You were not hungry.

You visited 1 branch of the dungeon, and saw 4 of its levels.

You collected 204 gold pieces.

Inventory:

Hand Weapons
 a - a +0 war axe (weapon)
 m - a +0 morningstar of protection
 q - a +2 trident of pain
Armour
 b - a +1 scale mail (worn)
 c - a +0 shield (worn)
 y - a +2 pair of gloves
Jewellery
 g - a +3 ring of protection {unknown}
 k - a cursed ring of teleportation {unknown}
 l - an uncursed amulet of regeneration {unknown}
 w - an uncursed ring of see invisible {unknown}
Scrolls
 h - 2 scrolls of blinking
 r - 3 scrolls of remove curse
 s - 2 scrolls of identify
Potions
 d - a potion of might
 e - a potion of heal wounds {unknown}
 j - 3 potions of curing {unknown}
 o - 2 potions of mutation {unknown}
 p - 2 potions of agility
 t - a potion of haste
 u - a potion of resistance {unknown}
Comestibles
 f - 2 bread rations
 i - 2 beef jerkies
 n - 5 fruits
 v - 2 meat rations


   Skills:
 + Level 4.4 Fighting
 + Level 2.9 Axes
 + Level 4.4 Armour
 + Level 2.1 Dodging
 + Level 0.1 Stealth
 + Level 4.8 Shields


You had 4 spell levels left.
You didn't know any spells.

Dungeon Overview and Level Annotations

Branches:
Dungeon (4/15)
 Temple: D:4-7

Altars:
Ashenzari
Cheibriados
Gozag
The Shining One

Annotations:
D:4 Sigmund


Innate Abilities, Weirdness & Mutations

You reflexively headbutt those who attack you in melee.
You have a pair of horns on your head.


Message History

You hit something but do no damage. Your headbutt misses something.
You hear some strange, mumbled words.
A magic dart appears from out of thin air!
The magic dart hits you! Something hits you!
You hit something but do no damage. You headbutt something.
You hear some strange, mumbled words.
A puff of flame appears from out of thin air!
The puff of flame hits you! Something completely misses you.
You closely miss something. Something hits you.
You closely miss something. You block something's attack.
Something hits you but does no damage.
You hit something but do no damage. Your headbutt misses something.
Something hits you but does no damage.
You miss something. Something hits you but does no damage. Something hits you!
* * * LOW HITPOINT WARNING * * *
You barely miss something. Your headbutt misses something. Something hits you!
* * * LOW HITPOINT WARNING * * *
You closely miss something. Something hits you but does no damage.
Something hits you!
You die... #.# ยงยง

#######.#
#.......####
#######.....#
#......#.####
#........# #
######.### .####
#.########......
#.......@{......
#.#########.####
###


There were no monsters in sight!

Vanquished Creatures
  5 adders
  3 worms
  7 dart slugs
  2 giant geckos
  6 orcs
  3 ball pythons
  3 giant cockroaches
  5 goblins
  4 hobgoblins
  7 jackals (D:4)
  9 bats
  A giant gecko skeleton (D:4)
  9 giant newts
  3 kobolds
  4 rats
71 creatures vanquished.

Notes
Turn   | Place    | Note
--------------------------------------------------------------
     0 | D:1      | ASUHDUDE the Minotaur Fighter began the quest for the Orb.
     0 | D:1      | Reached XP level 1. HP: 19/19 MP: 0/0
   373 | D:1      | Reached XP level 2. HP: 27/27 MP: 1/1
   907 | D:1      | Reached XP level 3. HP: 33/33 MP: 2/2
  1083 | D:2      | Reached skill level 1 in Dodging
  1212 | D:2      | Found a glowing golden altar of the Shining One.
  1384 | D:2      | Reached XP level 4. HP: 20/40 MP: 3/3
  1624 | D:2      | Found a snail-covered altar of Cheibriados.
  1629 | D:2      | Became a worshipper of Cheibriados the Contemplative
  1881 | D:3      | Found a shattered altar of Ashenzari.
  2437 | D:3      | Reached * piety under Cheibriados
  3087 | D:4      | Found an opulent altar of Gozag.
  3384 | D:4      | Reached XP level 5. HP: 43/47 MP: 4/4
  3487 | D:4      | Noticed Sigmund
  3506 | D:4      | HP: 2/47 [something (11)]
  3507 | D:4      | Mangled by Sigmund

Vault maps used:
D:1:      elethiomel_arrival_quiet, minmay_misc_feat_nine_boxes,
          dk_noncrumbling_4, grunt_decor_one_mirror
D:2:      tso_oasis_becter, lemuel_doored_altar
D:3:      cheibrodos_ashenzari_chains
D:4:      nicolae_overflow_hidden_temple, nicolae_dithmenos_the_darkroom,
          overflow_temple_1_default, trog_eyes_of_draining,
          minmay_temple_entry_poolview, feat_on_display, uniq_sigmund

Skill      XL: |  1  2  3  4 |
---------------+-------------+-----
Fighting       | 4 |  4.4
Armour         | 4 |  4.4
Dodging        | 1 2 |  2.1
Shields        | 4 |  4.8
Axes           | |  2.9
Stealth        | |  0.1

Action                   |  1- 3 |  4- 6 || total
-------------------------+-------+-------++-------
Melee: War axe           |   116 |    91 ||   207
       Headbutt          |    14 |    11 ||    25
  Use: Scroll            |     1 |     7 ||     8
       Potion            |       |     1 ||     1
  Eat: Fruit             |       |     2 ||     2
       Meat ration       |       |     1 ||     1
       Royal jelly       |       |     1 ||     1
       Pizza             |       |     1 ||     1
Armor: Scale mail        |   107 |    54 ||   161
Dodge: Dodged            |    55 |    29 ||    84
Block: Shield            |    95 |    64 ||   159
